 Dungeon Crawl Stone Soup version 0.31.0-2-g5a2aebc5c2 (webtiles) character file.

Game seed: 14073130493267517437

115564 Drazool the Thaumaturge (level 17, -22/134 HPs)
             Began as a Djinni Summoner on Jan 19, 2024.
             Was a High Priest of Ashenzari.
             Annihilated by a spark wasp (24 damage)
             ... on level 1 of the Spider Nest on Jan 20, 2024.
             The game lasted 02:22:56 (25111 turns).

Drazool the Thaumaturge (Djinni Summoner)          Turns: 25111, Time: 02:22:57

Health: -22/134    AC: 14    Str:  7    XL:     17   Next: 24%
Gold:   1000       EV: 13    Int: 23    God:    Ashenzari [*****.] SH: 13 Dex: 14

rFire   + + .        p - +1 trident "Sibylline Chagrin" {flame, rElec SInv, Dev, Comp} (curse)
rCold   . . .        O - +3 kite shield of Fanaticism {rC+}
rNeg    . . .        P - +2 troll leather armour "Tethered Lifelessness" {Regen+, Fort, Self} (curse) rPois โˆž
                     F - +0 mask of the Dragon {Will+ Slay+3 SInv, Melee, Elem} (curse)
rElec   +            y - +0 cloak of Toth-Mos's Legacy {Will+, Melee, Sorc} (curse)
rCorr   .            X - +2 pair of gloves "Shattered Oracle" {Sorc, Fort} (curse)
SInv    +            (boots unavailable)
Will    ++++.        M - amulet of Curses and Power {Regen+, Comp, Self} (curse)
Stlth   ++           n - ring "Ensconced With Me" {AC+4, Sorc, Dev} (curse)
HPRegen 2.02/turn    i - ring "Behold Eternity" {Will+, Comp, Bglg} (curse)
MPRegen 0.00/turn

%: clarity, infuse magic (-23 HP)
@: flying
A: sickness immunity, fire resistance 2, cold vulnerability 1, float, innate
caster, HP casting, extra vitality 1, dopey 1, teleportitis 1
a: Renounce Religion, Curse Item, Shatter the Chains


You were on level 1 of the Spider Nest.
You worshipped Ashenzari.
Ashenzari was extremely pleased with you.
You visited 5 branches of the dungeon, and saw 24 of its levels.
You also visited: Ossuary, Bailey and Ice Cave.

You collected 3149 gold pieces.
You spent 2149 gold pieces at shops.

Inventory:

Hand Weapons
 p - the cursed +1 trident "Sibylline Chagrin" (weapon) {flame, rElec SInv, Dev, Comp}
   (You found it on level 3 of the Dungeon)

   rElec:     It insulates you from electricity.
   SInv:      It lets you see invisible.
   It has a curse which improves the following skills: Devices: Evocations and
   Shapeshifting.
   Companions: Summonings and Necromancy.
Missiles
 g - 3 throwing nets
Armour
 t - the +8 plate armour of the Camelopard {rF+ Int+5}
   (You bought it in a shop on level 2 of the Orcish Mines)

   Int+5:     It affects your intelligence (+5).
   rF+:       It protects you from fire.
 y - the cursed +0 cloak of Toth-Mos's Legacy (worn) {Will+, Melee, Sorc}
   (You found it on level 7 of the Dungeon)

   Will+:     It increases your willpower.
   It has a curse which improves the following skills: Melee Combat: Short
   Blades, Long Blades, Axes, Maces & Flails, Polearms, Staves and Unarmed
   Combat.
   Sorcery:   Conjurations and Alchemy.
 F - the cursed +0 mask of the Dragon (worn) {Will+ Slay+3 SInv, Melee, Elem}
   (You bought it in a shop on level 2 of the Orcish Mines)

   Slay+3:    It affects your accuracy & damage with ranged weapons and melee
   (+3).
   Will+:     It increases your willpower.
   SInv:      It lets you see invisible.
   It has a curse which improves the following skills: Melee Combat: Short
   Blades, Long Blades, Axes, Maces & Flails, Polearms, Staves and Unarmed
   Combat.
   Elements:  Fire Magic, Ice Magic, Air Magic and Earth Magic.
 O - the +3 kite shield of Fanaticism (worn) {rC+}
   (You acquired it on level 15 of the Dungeon)

   rC+:       It protects you from cold.
 P - the cursed +2 troll leather armour "Tethered Lifelessness" (worn) {Regen+, Fort, Self}
   (You found it on level 11 of the Dungeon)

   Regen+:    It increases your rate of health regeneration.
   It has a curse which improves the following skills: Fortitude: Armour and
   Shields.
   Introspection: Fighting and Spellcasting.
 X - the cursed +2 pair of gloves "Shattered Oracle" (worn) {Sorc, Fort}
   (You found it on level 2 of the Lair of Beasts)

   It has a curse which improves the following skills: Sorcery: Conjurations and
   Alchemy.
   Fortitude: Armour and Shields.
Jewellery
 i - the cursed ring "Behold Eternity" (right hand) {Will+, Comp, Bglg}
   (You found it on level 1 of the Dungeon)

   [ring of willpower]

   Will+:     It increases your willpower.
   It has a curse which improves the following skills: Companions: Summonings
   and Necromancy.
   Beguiling: Hexes and Translocations.
 n - the cursed ring "Ensconced With Me" (left hand) {AC+4, Sorc, Dev}
   (You found it on level 2 of the Dungeon)

   [ring of protection]

   AC+4:      It affects your AC (+4).
   It has a curse which improves the following skills: Sorcery: Conjurations and
   Alchemy.
   Devices:   Evocations and Shapeshifting.
 M - the cursed amulet of Curses and Power (around neck) {Regen+, Comp, Self}
   (You took it off an orc priest on level 9 of the Dungeon)

   [amulet of regeneration]

   Regen+:    It increases your rate of health regeneration.
   It has a curse which improves the following skills: Companions: Summonings
   and Necromancy.
   Introspection: Fighting and Spellcasting.
 W - a ring of protection from fire
 Y - a ring of willpower
Talismans
 x - a serpent talisman
Wands
 w - a wand of charming (14)
 H - a wand of polymorph (15)
 J - a wand of quicksilver (5)
 K - a wand of flame (13)
 L - a wand of mindburst (21)
 R - a wand of iceblast (7)
Scrolls
 b - 5 scrolls of enchant armour
 c - 6 scrolls of silence
 d - 4 scrolls of brand weapon
 e - 3 scrolls of summoning
 f - 5 scrolls of poison
 h - 7 scrolls of teleportation
 k - 2 scrolls of blinking
 l - 4 scrolls of torment
 m - 5 scrolls of revelation
 s - 4 scrolls of vulnerability
 v - 8 scrolls of noise
 z - 3 scrolls of fear
 C - 5 scrolls of enchant weapon
 G - 5 scrolls of fog
 S - 2 scrolls of immolation
Potions
 a - 4 potions of invisibility
 j - 3 potions of berserk rage
 o - 12 potions of curing
 q - 10 potions of might
 r - 4 potions of lignification
 u - 2 potions of degeneration
 B - 5 potions of brilliance
 D - 2 potions of ambrosia
 E - 4 potions of haste
 I - 3 potions of resistance
 N - a potion of attraction
Miscellaneous
 V - a phantom mirror


   Skills:
 - Level 13.4(16.5) Fighting
 - Level 3.4(6.1) Armour
 - Level 10.0 Dodging
 - Level 2.0 Stealth
 + Level 3.5(6.3) Shields
 - Level 13.0(16.1) Unarmed Combat
 - Level 13.9(17.0) Spellcasting
 - Level 13.9(18.0) Conjurations
 - Level 13.9(15.9) Hexes
 - Level 13.9(18.0) Summonings
 - Level 13.9(18.0) Necromancy
 - Level 13.9(15.9) Translocations
 - Level 13.9(15.9) Fire Magic
 - Level 13.9(15.9) Ice Magic
 - Level 13.9(15.9) Air Magic
 - Level 13.9(15.9) Earth Magic
 - Level 13.9(18.0) Alchemy
 - Level 5.0(8.0) Evocations
 - Level 9.8(13.0) Shapeshifting


You knew the following spells:

 Your Spells              Type           Power      Damage    Failure   Level
a - Iskenderun's Mystic   Conj/Tloc      78%        2d16      1%          4
b - Magic Dart            Conj           100%       1d8       0%          1
c - Call Imp              Summ           100%       N/A       1%          2
d - Silence               Hex/Air        37%        N/A       1%          5
e - Alistair's Intoxicat  Alch           53%        N/A       1%          5
f - Call Canine Familiar  Summ           80%        N/A       1%          3
g - Blink                 Tloc           100%       N/A       1%          2
h - Searing Ray           Conj           100%       2d8       1%          2
i - Starburst             Conj/Fire      39%        6d11      3%          6
j - Orb of Destruction    Conj           40%        9d11      11%         7
l - Summon Lightning Spi  Summ/Air       78%        N/A       1%          4
z - Summon Small Mammal   Summ           100%       N/A       0%          1
X - Summon Blazeheart Go  Fire/Summ      78%        N/A       1%          4
Your spell library was empty.

Dungeon Overview and Level Annotations

Branches:
Dungeon (15/15)            Temple (1/1) D:6            Lair (5/5) D:11
  Swamp (0/4) Lair:3       Spider (1/4) Lair:3        Slime (0/5) Lair:5
    Orc (2/2) D:10            Elf (0/3) Orc:2        Vaults (0/5) D:13
 Depths (0/4) D:15        Ossuary (visited)          Bailey (visited)
  IceCv (visited)

Altars:
Ashenzari
Cheibriados
Dithmenos
Elyvilon
Fedhas
Gozag
Hepliaklqana
Makhleb
Nemelex Xobeh
Okawaru
Qazlal
Ru
Trog
Uskayaw
Wu Jian
Xom
Yredelemnul
Zin
The Shining One
Jiyva
Lugonu

Shops:
D:2 =   D:5 *   D:9 (   Orc:1 *   Orc:2 [(**[

Portals:
Abyss: Lair:5

Annotations:
D:6 1 runed translucent door
D:13 2 transporters, exclusion: orange crystal statue, Ride's ghost, journeyman MiFi; coolio's ghost, journeyman TeAE
D:15 1 runed translucent door, exclusion: orange crystal statue
Temple 2 transporters


Innate Abilities, Weirdness & Mutations

You are immune to sickness and miasma.
You are immune to poison.
Your flesh is very heat resistant. (rF++)
You are vulnerable to cold. (rC-)
You float through the air rather than walking.
You learn spells naturally, not from books.
Your magical power is your life essence.
You have superior vitality. (+4 MHP)
You are dopey. (Int -2)
You are occasionally teleported next to monsters.


Message History

You puncture the spark wasp! You burn the spark wasp.
The spark wasp is moderately wounded.
The spark wasp closely misses you. You block the spark wasp's attack.
You puncture the spark wasp! You burn the spark wasp.
The spark wasp is heavily wounded.
The spark wasp closely misses you. The spark wasp misses you.
The spark wasp barely misses you.
You miss the spark wasp.
The spark wasp is heavily wounded.
The spark wasp closely misses you. The spark wasp stings you!
* * * LOW HITPOINT WARNING * * *
The spark wasp shocks you. You resist.
* * * LOW HITPOINT WARNING * * *
Unknown command.
Casting: Starburst (dangerous; 3% risk of failure)
Press: ? - help, Q - select action, (/) - cycle Dir - look around, f - activate The bolt of fire misses the spark wasp.
The bolt of fire hits your blazeheart golem.
Your blazeheart golem resists.
Your blazeheart golem is moderately damaged.
The bolt of fire hits your lightning spire.
Your lightning spire resists.
Your lightning spire is lightly damaged.
* * * LOW HITPOINT WARNING * * *
Your lightning spire disappears in a puff of smoke!
Your blazeheart golem disappears in a puff of smoke!
The spark wasp stings you!
* * * LOW HITPOINT WARNING * * *
The spark wasp shocks you. You resist.
* * * LOW HITPOINT WARNING * * *
Casting: Starburst (dangerous; 3% risk of failure)
Press: ? - help, Q - select action, (/) - cycle Dir - look around, f - activate The bolt of fire misses the spark wasp.
* * * LOW HITPOINT WARNING * * *
The spark wasp stings you.
* * * LOW HITPOINT WARNING * * *
The spark wasp shocks you. You resist.
* * * LOW HITPOINT WARNING * * *
The spark wasp stings you!!
You die...

**,,**,,,,,,,*
,*,,,,,,,**,,**
#####
,,,,,,,#####,,*
##....
*{#**,,#.#..,,*
#..###
*##.##*#...,,,*
##..#
*.....##..#*,,*
##.###
*,โˆ†#..ยง..>*****
#..##. ,,,*#..y.#*
#..... **
*,,,***#@###
#...## ,** *
***,,* #...#
##..## ,,***
**,,** ###.###
#..... ,***,
,*โˆ†,,* #...##
#..### ** **
,,,,** ###..#
##..* ** *, *,,**
##.## #..#* ,***,
**** #..# #..###
,*,** ##.## #.....
,,,,* #..# #...##


You could see a spark wasp.

Vanquished Creatures
  Jorgrun (Orc:1)
  Rupert (Orc:2)
  Kirke (D:15)
  Donald (Spider:1)
  An emperor scorpion (Spider:1)
  A stone giant (D:15)
  An entropy weaver (Spider:1)
  Josephine (D:15)
  A hydra (D:14)
  3 vault guards (D:13)
  2 jorogumos (Spider:1)
  A catoblepas (D:15)
  A radroach (Spider:1)
  4 boulder beetles
  Erica (D:10)
  6 centaur warriors
  10 death yaks
  2 tengu warriors (D:15)
  2 orc high priests (Orc:2)
  2 thrashing horrors (Lair:5)
  A sun demon (D:10)
  A fire crab (shapeshifter) (D:13)
  2 pharaoh ants (Spider:1)
  A large abomination (Lair:5)
  2 steelbarb worms (Spider:1)
  An orc sorcerer (D:15)
  4 orc knights
  2 deep elf pyromancers
  5 wolf spiders
  7 cyclopes
  A moth of wrath (Spider:1)
  9 elephants
  2 manticores
  7 ugly things
  A meliai (D:9)
  3 black mambas
  An ice statue (IceCv)
  7 kobold blastminers
  9 cane toads
  A smoke demon (Lair:5)
  3 gargoyles
  A freezing wraith (IceCv)
  5 komodo dragons
  2 unseen horrors
  An ice devil (D:10)
  3 trolls
  A queen bee (shapeshifter) (Lair:5)
  2 polar bears
  8 blink frogs
  2 raiju (Lair:5)
  A wind drake (shapeshifter) (D:13)
  A hornet (Lair:4)
  8 tarantellas (Spider:1)
  5 slime creatures (D:14)
  3 ynoxinuls (Lair:5)
  5 jumping spiders (Spider:1)
  5 culicivoras
  A dire elephant simulacrum (IceCv)
  2 fire elementals (Orc:2)
  5 wraiths (D:15)
  4 wyverns
  5 water elementals (D:15)
  21 yaks
  7 basilisks
  A yak (shapeshifter) (D:14)
  4 hogs (D:15)
  A death yak simulacrum (IceCv)
  15 redbacks (Spider:1)
  A steam dragon (D:9)
  2 wargs (Orc:1)
  9 vampire mosquitoes
  A hell hound (Orc:2)
  A hydra simulacrum (IceCv)
  6 water moccasins
  21 orc warriors
  8 centaurs
  4 ogres
  11 wolves
  4 bullfrogs
  A gnoll sergeant (D:9)
  7 small abominations (Lair:5)
  A cane toad simulacrum (IceCv)
  A scorpion (Orc:1)
  6 wights
  11 killer bees
  An elephant simulacrum (IceCv)
  10 electric eels
  A quasit (D:10)
  9 orc priests
  A hound (D:4)
  A jelly (Lair:5)
  A bombardier beetle (D:4)
  A gnoll bouda (D:7)
  2 iguanas (Orc:1)
  An iguana (shapeshifter) (D:13)
  15 orc wizards
  A hell rat (D:11)
  2 mummies (Ossuary)
  6 gnolls
  A river rat (D:11)
  49 orcs
  A ball python (D:4)
  A bat (D:1)
  An endoplasm (Lair:5)
  A giant cockroach (D:3)
  2 goblins
  A hobgoblin (D:2)
  2 frilled lizards
  A kobold (D:9)
439 creatures vanquished.

Vanquished Creatures (collateral kills)
  Saint Roka (Orc:2)
  Azrael (Orc:2)
  Harold (D:10)
  A vault guard (D:13)
  An alligator (Lair:3)
  A two-headed ogre (D:12)
  2 catoblepae (Lair:4)
  2 death yaks (Lair:5)
  An orc high priest (Bailey)
  A thrashing horror (Lair:5)
  Urug (D:10)
  A manticore (Lair:4)
  A deep elf pyromancer (D:13)
  2 ugly things
  A cyclops (D:15)
  6 elephants
  A salamander (shapeshifter) (Lair:5)
  A black mamba (Lair:5)
  2 ice statues (IceCv)
  A smoke demon (Lair:5)
  2 kobold blastminers
  7 cane toads
  A kobold demonologist (Bailey)
  An efreet (D:15)
  2 rime drakes
  2 komodo dragons
  An ice devil (D:10)
  A queen bee (shapeshifter) (D:15)
  15 blink frogs
  A shadow (D:7)
  A spriggan (Lair:5)
  A wraith (D:10)
  A dire elephant simulacrum (IceCv)
  2 fire elementals (Orc:2)
  10 yaks
  4 vampire mosquitoes
  A basilisk (Lair:3)
  3 small abominations (Lair:5)
  A hell hound (Orc:2)
  7 water moccasins
  27 orc warriors
  2 sky beasts
  4 black bears
  An ogre (shapeshifter) (D:14)
  2 wolves
  3 ogres (Orc:2)
  3 centaurs
  2 kobold brigands (D:9)
  6 bullfrogs
  4 scorpions
  A cane toad simulacrum (IceCv)
  9 wights
  9 killer bees
  An elephant simulacrum (IceCv)
  2 howler monkeys
  An electric eel (Bailey)
  3 jellies (Lair:5)
  A crimson imp (D:10)
  2 human zombies
  3 bombardier beetles
  A gnoll bouda (D:6)
  17 orc priests
  4 hounds
  4 iguanas
  4 scorpion zombies (Ossuary)
  13 orc wizards
  A sleepcap (D:6)
  2 hell rats (D:11)
  A polar bear simulacrum (IceCv)
  A mummy (Ossuary)
  17 gnolls
  7 adders
  A shadow imp (D:8)
  3 white imps
  An adder zombie (Ossuary)
  4 dart slugs
  2 ribbon worms
  54 orcs
  8 ball pythons
  9 endoplasms
  2 giant cockroaches
  6 gnoll zombies (Ossuary)
  18 goblins
  10 hobgoblins
  10 kobolds
  5 quokkas
  4 bats
  6 frilled lizards
  3 jackal zombies (Ossuary)
  2 kobold zombies (Ossuary)
  5 rats
  A rat zombie (D:7)
405 creatures vanquished.

Vanquished Creatures (others)
  A two-headed ogre (D:13)
  A centaur simulacrum (D:13)
  A gnoll (Bailey)
  171 blazeheart cores
174 creatures vanquished.

Grand Total: 1018 creatures vanquished

Notes
Turn   | Place    | Note
-------+----------+-------------------------------------------
     0 | D:1      | Drazool the Djinni Summoner began the quest for the Orb.
     0 | D:1      | Drazool set off with the following spells memorised: Summon
                  | Small Mammal, Call Imp, Call Canine Familiar, Summon
                  | Blazeheart Golem, Summon Lightning Spire.
     0 | D:1      | Reached XP level 1. HP: 15/15 MP: 0/0
    82 | D:1      | Reached XP level 2. HP: 21/21 MP: 0/0
   335 | D:1      | Reached XP level 3. HP: 20/25 MP: 0/0
   335 | D:1      | Learned a level 1 spell: Magic Dart
   368 | D:1      | You are sucked into a shaft and drop 1 floor!
  1084 | D:2      | Reached XP level 4. HP: 27/31 MP: 0/0
  1333 | D:2      | Found Cusecel's Jewellery Shop.
  1796 | D:3      | Found a hide-covered altar of Uskayaw.
  1832 | D:3      | Identified the +1 trident "Lawuips" {flame, rElec SInv}
  1884 | D:3      | Found a faded altar of an unknown god.
  2471 | D:4      | Reached XP level 5. HP: 31/35 MP: 0/0
  2471 | D:4      | Learned a level 2 spell: Blink
  2626 | D:4      | Found a shadowy altar of Dithmenos.
  2633 | D:4      | Reached skill level 5 in Spellcasting
  2633 | D:4      | Reached skill level 5 in Conjurations
  2633 | D:4      | Reached skill level 5 in Hexes
  2633 | D:4      | Reached skill level 5 in Summonings
  2633 | D:4      | Reached skill level 5 in Necromancy
  2633 | D:4      | Reached skill level 5 in Translocations
  2633 | D:4      | Reached skill level 5 in Fire Magic
  2633 | D:4      | Reached skill level 5 in Ice Magic
  2633 | D:4      | Reached skill level 5 in Air Magic
  2633 | D:4      | Reached skill level 5 in Earth Magic
  2633 | D:4      | Reached skill level 5 in Alchemy
  2756 | D:4      | Noticed a black bear
  2768 | D:4      | Killed a black bear
  2769 | D:4      | Reached XP level 6. HP: 38/40 MP: 0/0
  3332 | D:4      | Reached XP level 7. HP: 39/45 MP: 0/0
  3332 | D:4      | Learned a level 2 spell: Searing Ray
  3552 | D:4      | Found a glowing silver altar of Zin.
  3699 | D:5      | Entered Level 5 of the Dungeon
  4190 | D:5      | Found Xibod's General Store.
  4297 | D:5      | Reached XP level 8. HP: 46/50 MP: 0/0
  4657 | D:6      | Noticed a human
  4657 | D:6      | Found a runed translucent door.
  4658 | D:6      | Found a basalt altar of Yredelemnul.
  4888 | D:6      | Reached skill level 1 in Fighting
  4939 | D:6      | Found a staircase to the Ecumenical Temple.
  4951 | Temple   | Found a transporter.
  4951 | Temple   | Found a transporter.
  4951 | Temple   | Found a transporter.
  4951 | Temple   | Found a transporter.
  4951 | Temple   | Entered the Ecumenical Temple
  4970 | Temple   | Became a worshipper of Ashenzari the Shackled
  5655 | D:7      | Reached skill level 5 in Fighting
  5782 | D:7      | Found a sand-covered staircase.
  5788 | Ossuary  | Entered an ossuary
  5795 | Ossuary  | Reached XP level 9. HP: 58/65 MP: 0/0
  5795 | Ossuary  | Learned a level 4 spell: Iskenderun's Mystic Blast
  6072 | D:7      | Reached skill level 1 in Shapeshifting
  6391 | D:7      | Identified the +0 cloak of the Accordion {Will+}
  6957 | D:8      | Reached skill level 5 in Shapeshifting
  7163 | D:8      | Reached XP level 10. HP: 70/70 MP: 0/0
  7309 | D:8      | Reached * piety under Ashenzari
  7420 | D:8      | Found an ornate altar of the Wu Jian Council.
  7624 | D:9      | Found a flagged portal.
  7643 | Bailey   | Entered a bailey
  7772 | Bailey   | Identified a scroll of acquirement
  7776 | Bailey   | Acquired 787 gold pieces
  7918 | Bailey   | Noticed a kobold demonologist
  7940 | Bailey   | Noticed an orc high priest
  7952 | Bailey   | Noticed a soul eater
  7952 | Bailey   | Killed a kobold demonologist
  8371 | Bailey   | Identified the +4 long sword of the Eel {flame, rN+ Will-
                  | rCorr}
  8371 | Bailey   | Noticed an orc knight
  8386 | Bailey   | Killed an orc high priest
  8397 | Bailey   | Killed an orc knight
  8398 | Bailey   | Reached XP level 11. HP: 58/75 MP: 0/0
  8398 | Bailey   | Learned a level 5 spell: Silence
  8456 | Bailey   | Found an iron altar of Okawaru.
  8555 | D:9      | Noticed a meliai
  8557 | D:9      | Noticed a red ugly thing
  8559 | D:9      | Killed a meliai
  8575 | D:9      | Killed a red ugly thing
  8700 | D:9      | Reached ** piety under Ashenzari
  8801 | D:9      | Reached skill level 10 in Spellcasting
  8801 | D:9      | Reached skill level 10 in Conjurations
  8801 | D:9      | Reached skill level 10 in Hexes
  8801 | D:9      | Reached skill level 10 in Summonings
  8801 | D:9      | Reached skill level 10 in Necromancy
  8801 | D:9      | Reached skill level 10 in Translocations
  8801 | D:9      | Reached skill level 10 in Fire Magic
  8801 | D:9      | Reached skill level 10 in Ice Magic
  8801 | D:9      | Reached skill level 10 in Air Magic
  8801 | D:9      | Reached skill level 10 in Earth Magic
  8801 | D:9      | Reached skill level 10 in Alchemy
  8963 | D:9      | Identified the +1 pair of gloves "Riladduc" {rN+ Int+3}
  9286 | D:9      | Found Huom's Weapon Shoppe.
  9371 | D:10     | Entered Level 10 of the Dungeon
  9537 | D:10     | Noticed Erica
  9560 | D:10     | Killed Erica
  9702 | D:10     | Noticed Harold
  9717 | D:10     | Killed Harold
  9718 | D:10     | Reached XP level 12. HP: 54/81 MP: 0/0
  9815 | D:10     | Found a blossoming altar of Fedhas.
  9877 | D:10     | Reached *** piety under Ashenzari
 10167 | D:10     | Found a white marble altar of Elyvilon.
 10312 | D:10     | Noticed Urug
 10327 | D:10     | Killed Urug
 10609 | D:10     | Noticed a sun demon
 10630 | D:10     | Killed a sun demon
 10721 | D:10     | Found a staircase to the Orcish Mines.
 11414 | D:11     | Identified the +2 helmet of Weirdness {^Contam rCorr Dex+4}
 11421 | D:11     | Noticed a death yak
 11426 | D:11     | Noticed a death yak
 11436 | D:11     | Noticed a death yak
 11454 | D:11     | Killed a death yak
 11458 | D:11     | Killed a death yak
 11474 | D:11     | Killed a death yak
 11620 | D:11     | Found a staircase to the Lair.
 12035 | Lair:1   | Entered Level 1 of the Lair of Beasts
 12075 | Lair:1   | Reached XP level 13. HP: 36/88 MP: 0/0
 12075 | Lair:1   | Learned a level 5 spell: Alistair's Intoxication
 12297 | Lair:1   | Reached skill level 1 in Evocations
 12369 | Lair:1   | Reached skill level 5 in Dodging
 12863 | Lair:2   | Found a frozen archway.
 12882 | IceCv    | Entered an ice cave
 12888 | IceCv    | Reached **** piety under Ashenzari
 13510 | IceCv    | Reached skill level 1 in Armour
 13820 | Lair:2   | Reached skill level 1 in Unarmed Combat
 14180 | Lair:2   | Reached ***** piety under Ashenzari
 14549 | Lair:3   | Noticed an alligator
 14557 | Lair:3   | Killed an alligator
 14730 | Lair:3   | Reached skill level 5 in Unarmed Combat
 14752 | Lair:3   | Found a hole to the Spider Nest.
 15068 | Lair:3   | Found a staircase to the Swamp.
 15575 | Lair:4   | Reached XP level 14. HP: 101/105 MP: 0/0
 16236 | Lair:4   | Identified the +1 ring mail "Entocsuy" {Int+2}
 16572 | Lair:5   | Entered Level 5 of the Lair of Beasts
 16659 | Lair:5   | Reached skill level 10 in Unarmed Combat
 16868 | Lair:5   | Found a viscous altar of Jiyva.
 16879 | Lair:5   | Found a staircase to the Slime Pits.
 17201 | Lair:5   | Reached XP level 15. HP: 111/111 MP: 0/0
 17201 | Lair:5   | Learned a level 6 spell: Starburst
 17463 | Lair:5   | Found a corrupted altar of Lugonu.
 17463 | Lair:5   | Found a one-way gate to the infinite horrors of the Abyss.
 17535 | Lair:5   | Identified the +8 dire flail of Obol {protect, rC+}
 17954 | Lair:5   | Upgraded the game from 0.31.0 to 0.31.0-2-g5a2aebc5c2
 18145 | Orc:1    | Entered Level 1 of the Orcish Mines
 18145 | Orc:1    | Found Garobago's General Store.
 18398 | Orc:1    | Found a bloodstained altar of Trog.
 18486 | Orc:1    | Noticed Jorgrun
 18495 | Orc:1    | Killed Jorgrun
 18844 | Orc:2    | Entered Level 2 of the Orcish Mines
 19152 | Orc:2    | Found a staircase to the Elven Halls.
 19239 | Orc:2    | Noticed Azrael
 19246 | Orc:2    | Killed Azrael
 19313 | Orc:2    | Noticed Rupert
 19331 | Orc:2    | Killed Rupert
 19465 | Orc:2    | Found Jokeon's Armour Boutique.
 19529 | Orc:2    | Found Rocsiwk's Assorted Antiques.
 19651 | Orc:2    | Reached skill level 5 in Evocations
 19891 | Orc:2    | Noticed Saint Roka
 20034 | Orc:2    | Killed Saint Roka
 20083 | Orc:2    | Found Heopn's Antique Armour Shoppe.
 20085 | Orc:2    | Found Seil's Antique Weapon Emporium.
 20098 | Orc:2    | Bought the +0 mask of the Dragon {Will+ Slay+3 SInv} for
                  | 1169 gold pieces
 20098 | Orc:2    | Found the +0 mask of the Dragon {Will+ Slay+3 SInv}
 20098 | Orc:2    | Bought a brightly glowing plate armour for 980 gold pieces
 20098 | Orc:2    | Identified the +8 plate armour of the Camelopard {rF+
                  | Int+5} (You bought it in a shop on level 2 of the Orcish
                  | Mines)
 20108 | Orc:2    | Gained mutation: You are clumsy. (Dex -2) [mutagenic glow]
 20152 | Orc:2    | Lost mutation: You are clumsy. (Dex -2) [potion of
                  | mutation]
 20152 | Orc:2    | Gained mutation: Armour fits poorly on your strangely
                  | shaped body. [potion of mutation]
 20152 | Orc:2    | Gained mutation: Your spells are a little harder to cast,
                  | but a little more powerful. [potion of mutation]
 20153 | Orc:2    | Lost mutation: Armour fits poorly on your strangely shaped
                  | body. [potion of mutation]
 20153 | Orc:2    | Lost mutation: Your spells are a little harder to cast, but
                  | a little more powerful. [potion of mutation]
 20153 | Orc:2    | Gained mutation: You are frail. (-10% HP) [potion of
                  | mutation]
 20153 | Orc:2    | Gained mutation: You have a pair of small antennae on your
                  | head. [potion of mutation]
 20154 | Orc:2    | Lost mutation: You have a pair of small antennae on your
                  | head. [potion of mutation]
 20154 | Orc:2    | Lost mutation: You are frail. (-10% HP) [potion of
                  | mutation]
 20154 | Orc:2    | Gained mutation: You sometimes lose your temper in combat.
                  | [potion of mutation]
 20154 | Orc:2    | Gained mutation: You have a pair of small horns on your
                  | head. [potion of mutation]
 20155 | Orc:2    | Lost mutation: You sometimes lose your temper in combat.
                  | [potion of mutation]
 20155 | Orc:2    | Lost mutation: You have a pair of small horns on your head.
                  | [potion of mutation]
 20155 | Orc:2    | Gained mutation: You have hidden genetic defects. [potion
                  | of mutation]
 20277 | Orc:2    | Found Jaisoxt's General Store.
 20517 | D:12     | Found an opulent altar of Gozag.
 20698 | D:12     | Reached XP level 16. HP: 105/118 MP: 0/0
 21370 | D:13     | Found a gate to the Vaults.
 21504 | D:13     | Found a transporter.
 21506 | D:13     | Found a transporter.
 21557 | D:13     | Noticed Ride's ghost (journeyman MiFi)
 21567 | D:13     | Noticed coolio's ghost (journeyman TeAE)
 21580 | D:13     | Gained mutation: You are occasionally teleported next to
                  | monsters. [hidden defects]
 21713 | D:13     | Reached skill level 10 in Dodging
 22436 | D:14     | Reached skill level 10 in Fighting
 23032 | D:14     | Identified the +2 robe "Elystrafi" {Regen+ Int+3}
 23154 | D:15     | Entered Level 15 of the Dungeon
 23196 | D:15     | Gained mutation: You are dopey. (Int -2) [hidden defects]
 23196 | D:15     | Lost mutation: You have hidden genetic defects. [hidden
                  | defects expressed]
 23434 | D:15     | Noticed Josephine
 23447 | D:15     | Killed Josephine
 23611 | D:15     | Found a staircase to the Depths.
 23698 | D:15     | Identified the +0 chain mail "Lolup" {Int-2 Dex+3 Slay+3}
 23783 | D:15     | Noticed Kirke
 23787 | D:15     | Killed Kirke
 23822 | D:15     | Found a runed translucent door.
 24000 | D:15     | Acquired the +3 kite shield of Fanaticism {rC+}
 24001 | D:15     | Identified the +7 plate armour of Ashenzari's Approval
                  | {Rampage +Blink rN+}
 24196 | Spider:1 | Entered Level 1 of the Spider Nest
 24315 | Spider:1 | Noticed Donald
 24324 | Spider:1 | Killed Donald
 24481 | Spider:1 | Reached XP level 17. HP: 113/133 MP: 0/0
 24481 | Spider:1 | Learned a level 7 spell: Orb of Destruction
 24817 | Spider:1 | Reached skill level 1 in Shields
 25111 | Spider:1 | HP: 2/134 [spark wasp (5)]
 25111 | Spider:1 | Annihilated by a spark wasp

Illustrated notes

Levels and vault maps discovered:
D:1:      minmay_arrival_checkered_box, layout_basic,
          chequers_serial_rivers_micro_b, minmay_split_cup_large
D:2:      layout_basic, serial_shops, nicolae_shop_gibbet_a_chance
D:3:      layout_loops_ring, nicolae_overflow_ecumenical_swirl,
          eat_drink_and_be_merry_uskayaw
D:4:      layout_gridville, nicolae_overflow_crystal_walls, zin_treasury,
          grunt_decor_junction
D:5:      layout_loops_corners, serial_shops, shop
D:6:      layout_basic, dk_yredelemnul_ordeal, minmay_temple_entry_purple_smoke,
          wad_floor_pattern_2
D:7:      layout_loops_cross, mainiacjoe_overflow_surrounded_room,
          enter_ossuary_3
D:8:      layout_rooms, mainiacjoe_overflow_paths, serial_glass,
          glass_columns_b, glass_columns_c
D:9:      layout_gridville, enter_bailey_3, serial_shops, shop, minmay_bent
D:10:     layout_rooms, elyvilon_altar_1, fedhas_altar_1, orc_0_dummy,
          nicolae_demonic_statue_gallery, uniq_harold, uniq_erica, uniq_urug
D:11:     layout_long_grid, dpeg_lair_monsters
D:12:     layout_loops_corners, grunt_gozag_statues
D:13:     layout_basic, lightli_vaults_fourway_checkpoint, nzn_ghost_randoct,
          drop_trap
D:14:     layout_loops_ring, serial_bayou_shore_b
D:15:     grunt_enter_depths_snipers, layout_basic,
          chequers_serial_rivers_small_b, minmay_crystal_box, uniq_josephine,
          uniq_kirke
Temple:   hellmonk_temple_divided_pantheon
Lair:1:   layout_regular_city, serial_bayou_pond_a
Lair:2:   layout_cave_pods, portal_ice_cave_entry_pillars_1,
          serial_bayou_shore_b, grunt_megastairs_4
Lair:3:   layout_regular_city, mainiacjoe_swamp_entry_lozenge_pond,
          spider_nest_entry_funnel_web, serial_bayou_shore_b
Lair:4:   nzn_motion_control, layout_layer_cave, beast_lair_carwin_8
Lair:5:   hellmonk_lair_end_abyssal_woods, layout_long_grid, slime_entry_2
Spider:1: layout_spider_delve, hangedman_spider_tarantella_strand, uniq_donald
Orc:1:    layout_caves, serial_shops, shop, basic_altar, trog_butcher_becter,
          uniq_jorgrun
Orc:2:    grunt_orc_community_town_hall, layout_diamond_mine,
          grunt_orc_community_big_house_2, grunt_orc_community_big_house_1,
          grunt_orc_community_house_3, grunt_orc_community_house_2,
          grunt_orc_community_house_1, grunt_orc_community_house_1,
          grunt_orc_community_house_1, serial_shops, shop, uniq_azrael,
          uniq_rupert

Skill      XL: |  1  2  3  4  5  6  7  8  9 10 11 12 13 14 15 16 17 |
---------------+----------------------------------------------------+-----
Stealth        | 2 |  2.0
Spellcasting   | 4 5 6 7 8 11 13 | 13.9
Conjurations   | 4 5 6 7 8 11 13 | 13.9
Hexes          | 4 5 6 7 8 11 13 | 13.9
Summonings     | 4 5 6 7 8 11 13 | 13.9
Necromancy     | 4 5 6 7 8 11 13 | 13.9
Translocations | 4 5 6 7 8 11 13 | 13.9
Fire Magic     | 4 5 6 7 8 11 13 | 13.9
Ice Magic      | 4 5 6 7 8 11 13 | 13.9
Air Magic      | 4 5 6 7 8 11 13 | 13.9
Earth Magic    | 4 5 6 7 8 11 13 | 13.9
Alchemy        | 4 5 6 7 8 11 13 | 13.9
Fighting       | 5 6 8 12 13 | 13.4
Dodging        | 4 6 8 10 | 10.0
Shapeshifting  | 5 9 |  9.8
Evocations     | 1 5 |  5.0
Armour         | 3 |  3.4
Unarmed Combat | 6 12 13 | 13.0
Shields        | 3 |  3.5

Action                     |  1- 3 |  4- 6 |  7- 9 | 10-12 | 13-15 | 16-18 || total
---------------------------+-------+-------+-------+-------+-------+-------++-------
  Melee: Unarmed           |     6 |     2 |       |       |       |       ||     8
         Trident           |       |    24 |    39 |    49 |   137 |    50 ||   299
         Punch             |       |       |       |     1 |     6 |     6 ||    13
   Cast: Summon Small Mamm |    34 |    31 |     6 |       |     1 |       ||    72
         Call Imp          |     9 |    12 |     5 |       |       |       ||    26
         Magic Dart        |     7 |     1 |       |       |       |       ||     8
         Call Canine Famil |     2 |    19 |    35 |     9 |    14 |       ||    79
         Summon Blazeheart |       |       |    25 |    65 |    98 |    34 ||   222
         Summon Lightning  |       |       |    10 |    24 |   108 |     9 ||   151
         Searing Ray       |       |       |       |    10 |       |       ||    10
         Blink             |       |       |       |     1 |       |       ||     1
         Iskenderun's Myst |       |       |       |     2 |     3 |       ||     5
         Starburst         |       |       |       |       |   112 |   134 ||   246
         Alistair's Intoxi |       |       |       |       |     5 |       ||     5
         Orb of Destructio |       |       |       |       |       |     8 ||     8
 Invoke: Curse Item        |       |       |     1 |     4 |     4 |     1 ||    10
         Shatter the Chain |       |       |       |     1 |     1 |       ||     2
  Evoke: Wand              |       |       |       |       |     7 |     1 ||     8
    Use: Scroll            |     3 |     3 |     6 |     4 |     2 |     1 ||    19
         Potion            |       |       |       |       |     6 |       ||     6
   Stab: Sleeping          |       |     2 |       |       |       |       ||     2
         Distracted        |       |       |     1 |     2 |     4 |       ||     7
 Armour: Robe              |     9 |    15 |    28 |    67 |       |       ||   119
         Troll leather arm |       |       |       |    11 |   216 |   158 ||   385
  Dodge: Dodged            |     2 |    27 |    22 |    77 |   181 |   114 ||   423
  Block: Kite shield       |       |       |       |       |       |    23 ||    23
         Form:             |       |       |       |       |     1 |       ||     1
         Serpent           |       |       |       |       |     1 |       ||     1
